 Dungeon Crawl Stone Soup version 0.21.1-1-g345015f (webtiles) character file.

775 tidbits the Insei (level 7, -5/53 HPs)
             Began as a Gnoll Transmuter on Feb 14, 2018.
             Was a Follower of Cheibriados.
             Killed from afar by an orc wizard (7 damage)
             ... with a magic dart
             ... on level 6 of the Dungeon.
             The game lasted 00:13:02 (1459 turns).

tidbits the Insei (Gnoll Transmuter)                Turns: 1459, Time: 00:13:02

Health: -5/53      AC:  3    Str: 17    XL:     7   Next: 84%
Magic:  6/15       EV: 25    Int: 19    God:    Cheibriados [*.....]
Gold:   176        SH:  0    Dex: 22    Spells: 11/17 levels left

rFire    . . .     SeeInvis .     - Unarmed
rCold    . . .     Gourm    .   (shield currently unavailable)
rNeg     . . .     Faith    .   (armour currently unavailable)
rPois    x         Spirit   .   (helmet currently unavailable)
rElec    .         Reflect  .   (cloak currently unavailable)
rCorr    .         Harm     .   (gloves currently unavailable)
MR       .....                  (boots currently unavailable)
Stlth    +++.......             (no amulet)
HPRegen  0.17/turn              w - +1 ring of protection
MPRegen  0.14/turn              (no ring)

@: spider-form (expiring), very slightly contaminated, very slow
A: tiny, distributed training, strong 1, strong nose
a: End Transformation, Bend Time, Renounce Religion


You were on level 6 of the Dungeon.
You worshipped Cheibriados.
Cheibriados was aware of your devotion.
You were full.
You were a venomous arachnid creature.
You visited 2 branches of the dungeon, and saw 8 of its levels.

You collected 176 gold pieces.

Inventory:

Hand Weapons
 a - the cursed +2 hand axe "Yjes" (melded) {drain, +Rage rPois}
   (You found it on level 5 of the Dungeon)

   A truly terrible weapon, it drains the life of those it strikes.
   It protects you from poison.
   It lets you go berserk.
   It has a curse placed upon it.
 g - a +1 dagger
 i - a +5 morningstar
 j - a +2 spear of venom
   (You found it on level 1 of the Dungeon)
 n - a +0 hunting sling
Missiles
 o - 93 stones (quivered)
 q - 4 tomahawks
 s - 22 arrows
 u - 2 curare-tipped needles
Armour
 b - a +0 robe
 t - the +3 leather armour "Zyenegg" {rCorr Int+4 Dex+2 Slay-3}
   (You found it on level 7 of the Dungeon)

   It affects your intelligence (+4).
   It affects your dexterity (+2).
   It affects your accuracy and damage with ranged weapons and melee attacks
   (-3).
   It protects you from acid and corrosion.
 B - a +0 robe of resistance (melded)
   (You took it off an orc wizard on level 2 of the Dungeon)
 D - a +0 buckler of cold resistance (melded)
   (You found it on level 5 of the Dungeon)
Jewellery
 w - a +1 ring of protection (left front leg)
   (You found it on level 2 of the Dungeon)
Wands
 p - a wand of flame (53)
Scrolls
 e - 2 scrolls of teleportation
 f - a scroll of enchant armour {unknown}
 k - a scroll of random uselessness {unknown}
 l - a scroll of fear {unknown}
 m - a scroll of fog {unknown}
 r - 3 scrolls of remove curse
 x - a scroll of amnesia {unknown}
Potions
 h - 2 potions of lignification
 v - a potion of might {unknown}
Books
 d - a book of Changes

   Spells                             Type                      Level
   a - Beastly Appendage              Transmutation                1
   b - Sticks to Snakes               Transmutation                2
   c - Spider Form                    Transmutation/Poison         3
   d - Ice Form                       Ice/Transmutation            4
   e - Blade Hands                    Transmutation                5
Comestibles
 c - 8 rations


   Skills:
 + Level 3.8 Fighting
 + Level 2.7 Short Blades
 + Level 2.7 Long Blades
 + Level 2.7 Axes
 + Level 2.7 Maces & Flails
 + Level 2.7 Polearms
 + Level 2.7 Staves
 + Level 2.7 Slings
 + Level 2.7 Bows
 + Level 2.7 Crossbows
 + Level 2.7 Throwing
 + Level 2.7 Armour
 + Level 5.3 Dodging
 + Level 2.7 Stealth
 + Level 2.7 Shields
 + Level 7.1 Unarmed Combat
 + Level 5.7 Spellcasting
 + Level 2.2 Conjurations
 + Level 2.2 Hexes
 + Level 2.2 Charms
 + Level 2.2 Summonings
 + Level 2.2 Necromancy
 + Level 2.2 Translocations
 + Level 4.4 Transmutations
 + Level 2.2 Fire Magic
 + Level 2.2 Ice Magic
 + Level 2.2 Air Magic
 + Level 2.2 Earth Magic
 + Level 2.2 Poison Magic
 + Level 3.0 Invocations
 + Level 2.7 Evocations


You had 11 spell levels left.
You knew the following spells:

 Your Spells              Type           Power        Failure   Level  Hunger
e - Beastly Appendage     Tmut           ###...       8%          1    None
k - Sticks to Snakes      Tmut           ###.....     10%         2    None
p - Spider Form           Tmut/Pois      ###.......   22%         3    ##.....


Dungeon Overview and Level Annotations

Branches:
Dungeon (7/15)             Temple (1/1) D:5

Altars:
Cheibriados
Gozag
Hepliaklqana
Trog
Vehumet

Shops:
D:6 (


Innate Abilities, Weirdness & Mutations

Your experience applies equally to all skills.
((You have very sharp teeth.))
Your uncanny sense of smell can sniff out nearby items.
((Your flesh is heat resistant. (rF+)))
Your muscles are strong. (Str +2)


Message History

The orc priest completely misses you. The orc priest closely misses you.
Things that are here:
a leather armour; an orc corpse Unknown command.
You hit the orc priest.
The orc priest is poisoned.
The orc priest is heavily wounded.
Your transformation has ended.
The cursed +2 hand axe "Yjes" {drain, +Rage rPois} unmelds from your body.
Your +0 buckler of cold resistance unmelds from your body.
Your +0 robe of resistance unmelds from your body.
You sense an unholy aura.
You feel resistant to cold.
You feel resistant to extremes of temperature.
The orc priest closely misses you.
Your ball python barely misses the orc priest. x2
An orc wizard comes into view. It is wielding a dagger.
Casting: Sticks to Snakes
Confirm with . or Enter, or press ? or * to list all spells.
You miscast Spider Form.
You are very lightly contaminated with residual magic.
Your hair momentarily turns into snakes!
Your adder bites the orc priest.
The orc priest looks as sick as possible!
Your adder poisons the orc priest!
Your ball python barely misses the orc priest.
Your ball python grabs the orc priest.
Your ball python constricts the orc priest.
The orc priest misses your ball python.
The orc wizard hits your ball python with a dagger.
Your adder bites the orc priest.
The orc priest looks as sick as possible!
Your adder poisons the orc priest!
Casting: Spider Form
Confirm with . or Enter, or press ? or * to list all spells.
You turn into a venomous arachnid creature.
The cursed +2 hand axe "Yjes" {drain, +Rage rPois} melds into your body.
Your +0 buckler of cold resistance melds into your body.
Your +0 robe of resistance melds into your body.
You feel less resistant to cold.
You feel hot and cold all over.
You kill the orc priest!
Cheibriados appreciates the change of pace.
Cheibriados slows and strengthens your metabolism.
Cheibriados raises the support of your attributes as your movement slows.
Your Invocations skill increases to level 3!
Your ball python bites the orc wizard.
Your ball python grabs the orc wizard.
Your ball python constricts the orc wizard.
Your adder bites the orc wizard.
The orc wizard is poisoned.
Your adder poisons the orc wizard!
The orc wizard hits your ball python but does no damage.
You bite the orc wizard!
The orc wizard looks even sicker.
The orc wizard is almost dead.
The orc wizard closely misses you.
Your adder closely misses the orc wizard.
Your ball python bites the orc wizard but does no damage.
Your ball python constricts the orc wizard.
You hit the orc wizard.
You kill the orc wizard!
Cheibriados thoroughly appreciates the change of pace.
The orc wizard hits your ball python with a dagger.
Your ball python dies!
Your adder bites the orc warrior.
You hit the orc warrior.
The orc warrior is poisoned.
The orc warrior is lightly wounded.
The orc warrior misses you.
Your adder closely misses the orc warrior.
You hit the orc warrior.
The orc warrior looks as sick as possible!
The orc warrior is moderately wounded.
Your adder misses the orc wizard. The orc wizard completely misses you.
The orc warrior barely misses you.
You hit the orc warrior but do no damage.
The orc warrior is moderately wounded.
Your adder bites the orc wizard.
The orc wizard completely misses you. The orc warrior barely misses you.
Your adder closely misses the orc wizard.
You hit the orc warrior but do no damage.
The orc warrior looks as sick as possible!
The orc warrior is moderately wounded.
The orc wizard completely misses you.
Your adder bites the orc wizard but does no damage.
You bite the orc warrior!
The orc warrior looks as sick as possible!
The orc warrior is severely wounded.
Your transformation is almost over.
The orc warrior hits you with a mace!
* * * LOW HITPOINT WARNING * * *
Your adder closely misses the orc wizard.
The orc wizard closely misses you.
You hit the orc warrior.
The orc warrior is severely wounded.
Your adder closely misses the orc wizard.
The orc warrior completely misses you. The orc wizard completely misses you.
You hit the orc warrior but do no damage.
The orc warrior looks as sick as possible!
The orc warrior is severely wounded.
Your adder bites the orc wizard.
The orc wizard is poisoned.
Your adder poisons the orc wizard!
The orc warrior hits you with a mace!
* * * LOW HITPOINT WARNING * * *
The orc wizard casts a spell at you. The magic dart hits you!
You die...

## ###.# ##...# ####
#....#[.o.o
#.....Zo.o. #oo#
##Ss# #...## #....#
∆ #....# $.
######..## .#
##.......#####+##.#
.##
#............#.....#
....#
#............+.....#
....#
##..###.##..##.....
....#


You could see an orc warrior, an orc wizard and a friendly adder.

Vanquished Creatures
  A black bear (D:6)
  3 wights (D:6)
  2 hounds
  A bullfrog skeleton (D:5)
  5 orc priests
  4 orc wizards
  2 worker ants
  A hound skeleton (D:6)
  3 gnolls (D:6)
  5 adders
  2 oozes
  2 worms
  A leopard gecko (D:2)
  14 orcs
  3 bats
  2 giant cockroaches
  5 goblins
  2 hobgoblins (D:3)
  5 frilled lizards
  9 kobolds
  5 rats
77 creatures vanquished.

Vanquished Creatures (collateral kills)
  A centaur zombie (D:7)
1 creature vanquished.

Grand Total: 78 creatures vanquished

Notes
Turn   | Place    | Note
-------+----------+-------------------------------------------
     0 | D:1      | tidbits the Gnoll Transmuter began the quest for the Orb.
     0 | D:1      | Reached XP level 1. HP: 17/17 MP: 6/6
    92 | D:1      | Reached XP level 2. HP: 23/23 MP: 5/7
    96 | D:1      | Learned a level 2 spell: Sticks to Snakes
   208 | D:1      | Reached XP level 3. HP: 26/28 MP: 7/9
   215 | D:1      | Learned a level 3 spell: Spider Form
   227 | D:1      | Reached skill level 5 in Spellcasting
   250 | D:2      | Reached skill level 1 in Invocations
   339 | D:2      | Reached skill level 1 in Short Blades
   339 | D:2      | Reached skill level 1 in Long Blades
   339 | D:2      | Reached skill level 1 in Axes
   339 | D:2      | Reached skill level 1 in Maces & Flails
   339 | D:2      | Reached skill level 1 in Polearms
   339 | D:2      | Reached skill level 1 in Staves
   339 | D:2      | Reached skill level 1 in Slings
   339 | D:2      | Reached skill level 1 in Bows
   339 | D:2      | Reached skill level 1 in Crossbows
   339 | D:2      | Reached skill level 1 in Throwing
   339 | D:2      | Reached skill level 1 in Armour
   339 | D:2      | Reached skill level 1 in Stealth
   339 | D:2      | Reached skill level 1 in Shields
   339 | D:2      | Reached skill level 1 in Evocations
   339 | D:2      | Reached XP level 4. HP: 30/34 MP: 4/11
   391 | D:2      | Reached skill level 1 in Conjurations
   391 | D:2      | Reached skill level 1 in Hexes
   391 | D:2      | Reached skill level 1 in Charms
   391 | D:2      | Reached skill level 1 in Summonings
   391 | D:2      | Reached skill level 1 in Necromancy
   391 | D:2      | Reached skill level 1 in Translocations
   391 | D:2      | Reached skill level 1 in Fire Magic
   391 | D:2      | Reached skill level 1 in Ice Magic
   391 | D:2      | Reached skill level 1 in Air Magic
   391 | D:2      | Reached skill level 1 in Earth Magic
   391 | D:2      | Reached skill level 1 in Poison Magic
   588 | D:3      | Reached XP level 5. HP: 40/40 MP: 9/12
   684 | D:3      | Noticed a big kobold
   742 | D:4      | Reached skill level 3 in Fighting
   830 | D:4      | Reached skill level 4 in Transmutations
   842 | D:4      | Reached skill level 2 in Invocations
   842 | D:4      | Reached XP level 6. HP: 18/47 MP: 9/13
   891 | D:4      | Noticed a phantom
   926 | D:4      | Found a bloodstained altar of Trog.
   927 | D:4      | Found an opulent altar of Gozag.
   968 | D:5      | Entered Level 5 of the Dungeon
   978 | D:5      | Reached skill level 5 in Dodging
  1035 | D:5      | Found a staircase to the Ecumenical Temple.
  1044 | Temple   | Entered the Ecumenical Temple
  1070 | Temple   | Became a worshipper of Cheibriados the Contemplative
  1091 | Temple   | Gained mutation: Your muscles are strong. (Str +2) [potion of mutation]
  1091 | Temple   | Gained mutation: Your flesh is heat resistant. (rF+) [potion of mutation]
  1165 | D:5      | Reached skill level 2 in Short Blades
  1165 | D:5      | Reached skill level 2 in Long Blades
  1165 | D:5      | Reached skill level 2 in Axes
  1165 | D:5      | Reached skill level 2 in Maces & Flails
  1165 | D:5      | Reached skill level 2 in Polearms
  1165 | D:5      | Reached skill level 2 in Staves
  1165 | D:5      | Reached skill level 2 in Slings
  1165 | D:5      | Reached skill level 2 in Bows
  1165 | D:5      | Reached skill level 2 in Crossbows
  1165 | D:5      | Reached skill level 2 in Throwing
  1165 | D:5      | Reached skill level 2 in Armour
  1165 | D:5      | Reached skill level 2 in Stealth
  1165 | D:5      | Reached skill level 2 in Shields
  1165 | D:5      | Reached skill level 2 in Evocations
  1178 | D:5      | Got a brightly glowing hand axe
  1181 | D:5      | Identified the cursed +2 hand axe "Yjes" {drain, +Rage rPois} (You found it on level 5 of the Dungeon)
  1222 | D:6      | Found Inainowo's Antique Weapon Shoppe.
  1225 | D:6      | Noticed a black bear
  1234 | D:6      | Killed a black bear
  1234 | D:6      | Reached XP level 7. HP: 43/52 MP: 9/15
  1251 | D:6      | Reached skill level 7 in Unarmed Combat
  1279 | D:6      | Reached skill level 2 in Conjurations
  1279 | D:6      | Reached skill level 2 in Hexes
  1279 | D:6      | Reached skill level 2 in Charms
  1279 | D:6      | Reached skill level 2 in Summonings
  1279 | D:6      | Reached skill level 2 in Necromancy
  1279 | D:6      | Reached skill level 2 in Translocations
  1279 | D:6      | Reached skill level 2 in Fire Magic
  1279 | D:6      | Reached skill level 2 in Ice Magic
  1279 | D:6      | Reached skill level 2 in Air Magic
  1279 | D:6      | Reached skill level 2 in Earth Magic
  1279 | D:6      | Reached skill level 2 in Poison Magic
  1336 | D:7      | Got a pitted leather armour
  1347 | D:7      | Identified the +3 leather armour "Zyenegg" {rCorr Int+4 Dex+2 Slay-3} (You found it on level 7 of the Dungeon)
  1450 | D:6      | Reached * piety under Cheibriados
  1450 | D:6      | Reached skill level 3 in Invocations
  1459 | D:6      | HP: 2/53 [orc warrior/mace (12)]
  1459 | D:6      | Killed from afar by an orc wizard

Skill      XL: |  1  2  3  4  5  6  7 |
---------------+----------------------+-----
Spellcasting   | 5 |  5.7
Invocations    | 1 2 3 |  3.0
Short Blades   | 1 2 |  2.7
Long Blades    | 1 2 |  2.7
Axes           | 1 2 |  2.7
Maces & Flails | 1 2 |  2.7
Polearms       | 1 2 |  2.7
Staves         | 1 2 |  2.7
Slings         | 1 2 |  2.7
Bows           | 1 2 |  2.7
Crossbows      | 1 2 |  2.7
Throwing       | 1 2 |  2.7
Armour         | 1 2 |  2.7
Stealth        | 1 2 |  2.7
Shields        | 1 2 |  2.7
Evocations     | 1 2 |  2.7
Conjurations   | 1 2 |  2.2
Hexes          | 1 2 |  2.2
Charms         | 1 2 |  2.2
Summonings     | 1 2 |  2.2
Necromancy     | 1 2 |  2.2
Translocations | 1 2 |  2.2
Fire Magic     | 1 2 |  2.2
Ice Magic      | 1 2 |  2.2
Air Magic      | 1 2 |  2.2
Earth Magic    | 1 2 |  2.2
Poison Magic   | 1 2 |  2.2
Fighting       | 3 |  3.8
Transmutations | 4 |  4.4
Dodging        | 5 |  5.3
Unarmed Combat | 7 |  7.1

Action                   |  1- 3 |  4- 6 |  7- 9 || total
-------------------------+-------+-------+-------++-------
Melee: Unarmed           |    43 |    98 |    48 ||   189
       Headbutt          |     3 |       |       ||     3
       Kick              |     1 |       |       ||     1
       Bite              |     3 |     3 |       ||     6
       Hand axe          |       |     1 |     3 ||     4
 Cast: Beastly Appendage |     9 |     1 |       ||    10
       Sticks to Snakes  |     1 |     6 |     6 ||    13
       Spider Form       |     2 |    17 |     6 ||    25
Invok: Bend Time         |       |       |     1 ||     1
 Abil: End Transformatio |       |     1 |       ||     1
  Use: Scroll            |       |     7 |       ||     7
       Potion            |       |     2 |     2 ||     4
 Stab: Sleeping          |       |     1 |     1 ||     2
  Eat: Ration            |       |     2 |     1 ||     3
Armor: Robe              |     7 |     2 |       ||     9
       Skin              |       |    10 |     1 ||    11
Dodge: Dodged            |    23 |    84 |    70 ||   177
Block: Buckler           |       |       |     1 ||     1

Table legend:
 A = Turns spent in this place as a percentage of turns spent in the entire game.
 B = Non-inter-level travel turns spent in this place as a percentage of non-inter-level travel turns spent in the entire game.
 C = Inter-level travel turns spent in this place as a percentage of turns spent in this place.
 D = Turns resting spent in this place as a percentage of non-inter-level travel turns spent in this place.
 E = Turns spent auto-exploring this place as a percentage of non-inter-level travel turns spent in this place.
 F = Non-inter-level travel turns spent in this place divided by the number of levels of this place that you've seen.
                   A       B       C       D       E      F
               +-------+-------+-------+-------+-------+----------------------
         Total | 100.0 | 100.0 |   1.2 |   0.0 |   0.0 | 180.2
       Dungeon |  96.6 |  97.8 |   0.0 |   0.0 |   0.0 | 201.4
        Temple |   3.4 |   2.2 |  34.7 |   0.0 |   0.0 |  32.0
               +-------+-------+-------+-------+-------+----------------------

Table legend:
 A = Kills in this place as a percentage of kills in entire the game.
 B = Kills by you in this place as a percentage of kills by you in the entire game.
 C = Kills by friends in this place as a percentage of kills by friends in the entire game.
 D = Other kills in this place as a percentage of other kills in the entire game.
 E = Experience gained in this place as a percentage of experience gained in the entire game.
 F = Experience gained in this place divided by the number of levels of this place that you have seen.
                   A       B       C       D       E      F
               +-------+-------+-------+-------+-------+----------------------
         Total | 100.0 | 100.0 | 100.0 |   N/A | 100.0 | 138.5
       Dungeon | 100.0 | 100.0 | 100.0 |   N/A | 100.0 | 158.3
               +-------+-------+-------+-------+-------+----------------------

Vault maps used:
D:1:      sevenhm_arrival_forest_fort_large_2, supply_closet_lemuel,
          minmay_misc_feat_five, minmay_misc_feat_rows
D:2:      first_ration, trog_hazing_becter
D:3:      cheibrodos_thug_alley, gammafunk_temple_overflow_pools
D:4:      minitemple, dk_rats_in_the_wall
D:5:      minmay_temple_entry_statues_fountains
D:6:      serial_shops, nicolae_shop_crystal
Temple:   hc_temple_tempest_star
